Map: New Repugnancy LE

Players

FLORENCIO - Winner!

  • Race: Zerg Zerg
  • League: Diamond
  • Spawn Location: 1:00

Arcolidos

  • Race: Zerg Zerg
  • League: Diamond
  • Spawn Location: 7:00

VOD

Have the link to the VOD?

Description

Time

  • Played on: July 7, 2019, 4:43 p.m.
  • Length: 14:52
Show
View Real Time Build Order
Export as new Build Order

FLORENCIO Zerg - Winner!

Build Orders: Pool First 

Get SALT Encoding   

  12  0:01  Drone  
  13  0:08  Drone  
  14  0:27  Overlord  
  14  0:36  Spawning Pool  
  14  0:40  Drone  
  14  0:45  Drone  
  15  0:52  Drone x2  
  17  1:12  Drone  
  18  1:25  Zergling x4  
  20  1:34  Zergling x2  
  21  1:40  Extractor  
  20  1:50  Zergling x2  
  22  2:01  Hatchery  
  22  2:03  Zergling x2  
  22  2:09  Overlord  
  22  2:25  Spore Crawler  
  22  2:29  Spine Crawler x2  
  18  2:34  Zergling x4  
  20  2:50  Spine Crawler  
  20  3:06  Drone x3  
  20  3:07  Queen  
  25  3:15  Queen  
  25  3:17  Drone  
  28  3:20  Extractor  
  28  3:23  Extractor  
  26  3:28  Drone  
  26  3:31  Hatchery  
  24  4:01  Drone x3  
  27  4:27  Spine Crawler  
  27  4:30  Baneling Nest  
  18  5:08  Drone x3  
  18  5:10  Drone x5  
  18  5:12  Drone  
  27  5:17  Roach Warren  
  26  5:36  Zergling x4  
  26  5:38  Zergling x2  
  26  5:39  Zergling x2  
  26  5:41  Queen, Spine Crawler  
  31  5:47  Zergling x2  
  32  5:53  Zergling x2  
  33  5:57  Baneling x4  
  33  5:59  Baneling x2  
  33  6:00  Baneling x2  
  33  6:07  Roach  
  28  6:40  Zergling x4  
  28  6:41  Roach x3  
  34  6:49  Roach  
  35  7:00  Overlord x3  
  35  7:01  Roach  
  32  7:12  Roach  
  33  7:21  Roach x2  
  36  7:27  Roach x2  
  36  7:29  Zergling x2  
  41  7:31  Zergling x2  
  40  7:45  Zergling x2  
  37  7:54  Zergling x6  
  29  8:07  Roach x2  
  29  8:08  Roach  
  29  8:09  Roach  
  29  8:11  Baneling  
  36  8:19  Baneling x3  
  35  8:21  Roach  
  35  8:25  Queen  
  36  8:46  Roach x2  
  36  8:49  Roach x3  
  36  8:52  Baneling  
  42  9:04  Queen  
  44  9:14  Drone x3  
  47  9:17  Drone x2  
  49  9:39  Drone x2  
  51  9:46  Drone x5  
  51  9:48  Drone  
  57  10:03  Drone  
  57  10:06  Extractor  
  57  10:10  Lair  
  57  10:12  Extractor  
  56  10:19  Drone x2  
  56  10:20  Drone x2  
  60  10:25  Hatchery  
  59  10:34  Drone  
  60  10:44  Overlord x3  
  60  10:59  Overlord  
  60  11:00  Overlord  
  60  11:02  Drone x3  
  63  11:08  Glial Reconstitution  
  63  11:13  Drone  
  64  11:28  Overlord  
  64  11:29  Overlord  
  64  11:30  Overlord  
  64  11:39  Queen  
  66  11:54  Roach  
  66  11:55  Roach x4  
  66  11:56  Roach x2  
  66  11:57  Roach x4  
  66  11:58  Roach  
  66  12:00  Roach  
  90  12:14  Roach x3  
  90  12:15  Roach x2  
  100  12:23  Spine Crawler  
  100  12:26  Spine Crawler, Roach  
  100  12:29  Roach  
  102  12:33  Roach  
  104  12:41  Roach x2  
  104  12:42  Roach  
  110  12:46  Roach  
  110  12:50  Roach  
  114  12:52  Roach  
  114  12:55  Roach  
  118  12:59  Roach  
  112  13:29  Roach x7  
  112  13:30  Roach x2  
  126  14:12  Hydralisk Den  
Show
View Real Time Build Order
Export as new Build Order

Arcolidos Zerg 

Build Orders: Hatch First 

Get SALT Encoding   

  12  0:01  Drone  
  13  0:13  Overlord  
  13  0:17  Drone  
  14  0:32  Drone x2  
  16  0:36  Drone  
  17  0:55  Drone  
  18  1:04  Hatchery  
  18  1:09  Drone x2  
  19  1:11  Extractor  
  18  1:20  Spawning Pool  
  18  1:21  Drone  
  18  1:36  Drone  
  19  1:49  Overlord  
  19  2:06  Queen  
  19  2:07  Zergling x4  
  23  2:12  Spine Crawler  
  23  2:14  Spine Crawler  
  21  2:16  Queen  
  21  2:17  Zergling x2  
  21  2:21  Zergling x2  
  25  2:33  Zergling x4  
  27  2:37  Zergling x2  
  28  2:47  Zergling x4  
  29  2:53  Zergling x2  
  30  2:58  Queen  
  30  3:07  Zergling x6  
  32  3:13  Overlord  
  28  3:44  Queen  
  27  3:48  Zergling x2  
  27  3:49  Zergling x4  
  30  4:01  Drone  
  31  4:03  Hatchery  
  30  4:11  Metabolic Boost  
  30  4:18  Baneling Nest  
  20  5:03  Zergling x8  
  20  5:04  Zergling x6  
  27  5:08  Zergling x2  
  27  5:36  Zergling x8  
  27  5:40  Zergling x4  
  33  5:51  Zergling x4  
  35  6:01  Zergling x4  
  37  6:05  Baneling x5  
  37  6:06  Baneling x3  
  37  6:13  Zergling x4  
  38  6:38  Zergling x16  
  41  6:45  Baneling  
  41  6:46  Zergling x4  
  40  6:59  Zergling x2  
  40  7:00  Zergling x10  
  42  7:02  Zergling x4  
  40  7:10  Baneling  
  38  7:18  Zergling x4  
  40  7:23  Zergling x4  
  39  7:48  Zergling x12  
  32  8:03  Zergling x6  
  32  8:04  Zergling x6  
  36  8:18  Zergling x4  
  36  8:19  Zergling x4  
  35  8:46  Drone x8  
  35  9:04  Spine Crawler x3  
  32  9:21  Drone x5  
  32  9:23  Hatchery  
  36  9:47  Spore Crawler  
  36  9:48  Extractor  
  27  10:12  Hatchery  
  26  10:23  Drone x6  
  32  10:38  Extractor  
  31  10:43  Extractor  
  30  10:58  Roach Warren  
  29  11:06  Drone x2  
  29  11:07  Drone  
  29  11:08  Drone  
  29  11:09  Drone  
  34  11:14  Zergling x8  
  34  11:17  Zergling x2  
  39  11:25  Queen  
  41  11:44  Lair  
  41  11:48  Drone x5  
  46  11:55  Overlord  
  46  12:05  Queen  
  45  12:20  Roach x6  
  57  12:31  Drone x3, Evolution Chamber  
  57  12:33  Evolution Chamber  
  58  12:44  Queen x2  
  58  12:47  Drone  
  51  13:16  Roach x8  
  54  13:30  Roach x6  
Tags
 
Add a new tag
Caveats
  • Supply blocks, unpowered buildings, or Contaminate may cause inaccurate times.
  • Supply counts are checked every 10 seconds.